 Dungeon Crawl Stone Soup version 0.29.1-2-gbd0b4ee654 (webtiles) character file.

Game seed: 5743731493632731802

0 trench the Vexing (level 1, 0/17 HPs)
             Began as a Gnoll Arcane Marksman on Nov 30, 2022.
             Slain by a quokka (5 damage)
             ... on level 1 of the Dungeon.
             The game lasted 00:02:09 (68 turns).

trench the Vexing (Gnoll Arcane Marksman)             Turns: 68, Time: 00:02:11

Health: 0/17       AC:  2    Str:  9    XL:     1   Next: 10%
Magic:  4/4        EV: 13    Int: 12    God:
Gold:   0          SH:  0    Dex: 12    Spells: 4/5 levels left

rFire   . . .      SeeInvis .   a - +1 sling
rCold   . . .      Faith    .   (no shield)
rNeg    . . .      Spirit   .   c - +0 robe
rPois   .          Reflect  .   (no helmet)
rElec   .          Harm     .   (no cloak)
rCorr   .          Rampage  .   (no gloves)
Will    .....                   (no boots)
Stlth   +.........              (no amulet)
HPRegen 0.05/turn               (no ring)
MPRegen 0.09/turn               (no ring)

@: no status effects
A: fangs 1, strong nose, distributed training
a: no special abilities


You were on level 1 of the Dungeon.
You visited 1 branch of the dungeon, and saw 1 of its levels.

Inventory:

Hand Weapons
 a - a +1 sling (weapon)
Missiles
 d - 4 stones
Armour
 c - a +0 robe (worn)
Scrolls
 b - a scroll of poison


   Skills:
 + Level 2.3 Fighting
 + Level 0.0 Short Blades
 + Level 0.0 Long Blades
 + Level 0.0 Axes
 + Level 0.0 Maces & Flails
 + Level 0.0 Polearms
 + Level 0.0 Staves
 + Level 4.4 Ranged Weapons
 + Level 0.0 Throwing
 + Level 0.0 Armour
 + Level 4.4 Dodging
 + Level 0.0 Stealth
 + Level 0.0 Shields
 + Level 0.0 Unarmed Combat
 + Level 2.6 Spellcasting
 + Level 0.0 Conjurations
 + Level 5.3 Hexes
 + Level 0.0 Summonings
 + Level 0.0 Necromancy
 + Level 0.0 Translocations
 + Level 0.0 Transmutations
 + Level 0.0 Fire Magic
 + Level 0.0 Ice Magic
 + Level 0.0 Air Magic
 + Level 0.0 Earth Magic
 + Level 0.0 Poison Magic
 + Level 0.0 Invocations
 + Level 0.0 Evocations


You had 4 spell levels left.
You knew the following spells:

 Your Spells              Type           Power      Damage    Failure   Level
a - Slow                  Hex            56%        N/A       3%          1

Your spell library contained the following spells:

 Spells                   Type           Power      Damage    Failure   Level
 Inner Flame              Hex/Fire       7%         N/A       26%         3
 Portal Projectile        Hex/Tloc       14%        N/A       26%         3
 Cause Fear               Hex            7%         N/A       28%         4


Dungeon Overview and Level Annotations

Branches:
Dungeon (1/15)

Altars:

Shops:
D:1 (


Innate Abilities, Weirdness & Mutations

You have very sharp teeth.
Your uncanny sense of smell can sniff out nearby items.
Your experience applies equally to all skills.


Message History

Really attack while wielding your +1 sling?
You closely miss the quokka.
The quokka is almost dead.
The quokka bites you.
You clumsily bash the quokka but do no damage.
The quokka is almost dead.
The quokka misses you. The quokka barely misses you.
You clumsily bash the quokka but do no damage.
Your punch misses the quokka.
The quokka is almost dead.
The quokka closely misses you.
You miss the quokka. Your bite misses the quokka.
The quokka is almost dead.
The quokka bites you.
You closely miss the quokka.
The quokka is almost dead.
The quokka bites you but does no damage.
You clumsily bash the quokka but do no damage.
Your bite misses the quokka.
The quokka is almost dead.
The quokka barely misses you.
You clumsily bash the quokka but do no damage.
The quokka is almost dead.
The quokka closely misses you. x2
You clumsily bash the quokka but do no damage.
The quokka is almost dead.
The quokka is no longer moving slowly.
The quokka bites you.
You clumsily bash the quokka but do no damage.
The quokka is almost dead.
The quokka bites you. The quokka barely misses you.
You closely miss the quokka. Your bite misses the quokka.
The quokka is almost dead.
The quokka bites you.
You clumsily bash the quokka but do no damage.
Your punch misses the quokka. Your bite misses the quokka.
The quokka is almost dead.
The quokka bites you.
* * * LOW HITPOINT WARNING * * *
The quokka bites you.
You die...

..#.# #####..
#.#..###.......
∆...#.....#...#.
.....?.)..#.#..
.........∩...
#......#.#..
#..r..#...#.
#...@.......
#.....#####.
#...........
###)######## #.#
#### #.###≈≈≈♣##
#.##≈≈≈♣.>#
#.##♣♣♣..###
#..'......<#


You could see a quokka.

Vanquished Creatures
  A kobold (D:1)
1 creature vanquished.

Notes
Turn   | Place    | Note
-------+----------+-------------------------------------------
     0 | D:1      | trench the Gnoll Arcane Marksman began the quest for the
                  | Orb.
     0 | D:1      | Reached XP level 1. HP: 17/17 MP: 4/4
    44 | D:1      | Found Locvol's Weapon Shoppe.
    68 | D:1      | Slain by a quokka

Illustrated notes

Levels and vault maps discovered:
D:1:      saegor_arrival_simple_d, layout_rooms, serial_shops,
          nicolae_shop_advertising_works [nicolae_subvault_shop_adworks],
          minmay_misc_feat_columns, minivault_14

Action                   || total
-------------------------++-------
Melee: Sling             ||    11
 Fire: Sling             ||    10
 Cast: Slow              ||     3
Armor: Robe              ||     1
Dodge: Dodged            ||     7
